Map: Eternal Empire LE

Players

Silky - Winner!

  • Race: Zerg Zerg
  • Spawn Location: 1:00

Asuna

  • Race: Protoss Protoss
  • Spawn Location: 7:00

Event: DreamHack SC2 Masters 2020 Fall

VOD

Have the link to the VOD?

Description

Time

  • Played on: Sept. 10, 2020, 5:14 p.m.
  • Length: 9:25

All games in this series

Show
View Real Time Build Order
Export as new Build Order

Silky Zerg - Winner!

Build Orders: Pool First 

Get SALT Encoding   

  12  0:18  Spawning Pool  
  11  0:22  Drone  
  11  0:26  Drone  
  13  0:30  Drone  
  14  0:39  Overlord  
  14  1:05  Zergling x4  
  14  1:06  Zergling x2  
  17  1:12  Queen  
  19  1:23  Drone  
  20  1:33  Hatchery  
  20  1:38  Drone  
  20  1:40  Drone  
  21  1:48  Drone  
  21  1:52  Extractor  
  21  2:01  Overlord  
  20  2:19  Drone  
  21  2:23  Drone  
  22  2:33  Drone x3  
  25  2:38  Queen  
  27  2:45  Drone  
  27  2:46  Drone  
  29  2:54  Hatchery  
  29  2:57  Drone  
  29  3:08  Overlord  
  29  3:11  Drone  
  30  3:13  Drone  
  30  3:15  Pneumatized Carapace  
  30  3:16  Drone  
  30  3:18  Drone  
  33  3:25  Queen  
  35  3:28  Drone  
  35  3:30  Drone  
  35  3:33  Zergling x2  
  38  3:35  Zergling x2  
  38  3:39  Drone  
  40  3:45  Overlord  
  40  3:46  Drone x2  
  42  3:48  Drone  
  42  3:52  Spore Crawler  
  42  3:54  Drone  
  43  3:56  Metabolic Boost  
  43  4:00  Drone  
  44  4:05  Drone x3  
  47  4:11  Drone x3  
  50  4:18  Queen  
  50  4:20  Drone x3  
  55  4:30  Drone  
  55  4:31  Drone x2  
  58  4:35  Lair, Overlord  
  58  4:39  Overlord  
  58  4:45  Extractor  
  57  4:47  Queen, Extractor  
  57  4:51  Overlord  
  58  4:56  Drone x8  
  58  4:59  Drone  
  66  5:00  Drone  
  66  5:02  Drone  
  66  5:03  Spore Crawler  
  66  5:06  Drone, Spore Crawler  
  68  5:07  Drone  
  68  5:09  Drone x2  
  68  5:14  Drone x3  
  72  5:19  Evolution Chamber  
  72  5:21  Drone, Spore Crawler  
  71  5:22  Overlord  
  71  5:25  Queen  
  74  5:31  Extractor  
  74  5:32  Extractor  
  74  5:34  Hydralisk Den, Overlord  
  69  5:36  Spore Crawler  
  68  5:47  Drone x2  
  68  5:48  Drone x2, Queen  
  74  5:52  Queen  
  76  5:57  Overlord  
  76  6:04  Grooved Spines, Hydralisk x3  
  76  6:07  Overseer  
  76  6:08  Nydus Network  
  81  6:11  Overlord  
  81  6:12  Overlord  
  81  6:15  Overseer  
  81  6:19  Hydralisk x3  
  81  6:21  Queen  
  88  6:27  Overlord x2  
  88  6:28  Overlord  
  88  6:30  Hydralisk  
  90  6:33  Hydralisk  
  90  6:37  Overlord  
  90  6:39  Hydralisk  
  94  6:46  Nydus Canal  
  94  6:49  Hydralisk x4  
  102  6:54  Hydralisk  
  104  7:05  Hydralisk x2, Nydus Canal  
  108  7:11  Queen x3  
  108  7:13  Zergling x4  
  108  7:14  Zergling x2  
  117  7:18  Hydralisk x2  
  121  7:27  Hydralisk x2, Nydus Canal  
  125  7:30  Overlord  
  125  7:31  Hydralisk  
  125  7:32  Hydralisk  
  127  7:39  Hydralisk x2  
  123  7:47  Nydus Canal  
  123  7:50  Queen x2, Overlord  
  125  7:54  Hydralisk  
  125  7:57  Zergling x8  
  129  8:12  Hydralisk x4  
  127  8:15  Nydus Canal  
  127  8:17  Queen  
  127  8:19  Hydralisk  
  125  8:24  Hydralisk x2  
  125  8:26  Queen, Zergling x2  
  124  8:29  Hydralisk  
  124  8:38  Hydralisk  
  121  8:42  Hydralisk  
  121  8:46  Hydralisk  
  121  8:47  Hatchery  
  121  8:48  Zergling x2  
  120  8:49  Nydus Canal  
  117  9:02  Zergling x6  
Show
View Real Time Build Order
Export as new Build Order

Asuna Protoss 

Build Orders:  

Get SALT Encoding   

  12  0:00  Probe (Chrono Boost)  
  13  0:09  Probe (Chrono Boost)  
  14  0:14  Probe (Chrono Boost)  
  15  0:24  Pylon  
  15  0:42  Forge, Probe  
  16  0:59  Pylon, Probe  
  17  1:10  Gateway  
  18  1:11  Probe  
  18  1:17  Photon Cannon  
  18  1:23  Probe  
  19  1:28  Assimilator  
  19  1:39  Probe  
  20  1:51  Nexus  
  20  1:55  Probe  
  21  2:03  Assimilator  
  21  2:07  Probe  
  22  2:10  Pylon  
  22  2:20  Cybernetics Core  
  22  2:23  Probe  
  23  2:30  Pylon  
  23  2:37  Zealot (Chrono Boost)  
  23  2:41  Probe  
  26  2:53  Probe  
  27  2:58  Adept (Chrono Boost)  
  27  2:59  Stargate  
  27  3:01  Warp Gate  
  30  3:05  Probe (Chrono Boost)  
  30  3:07  Probe (Chrono Boost)  
  31  3:16  Probe (Chrono Boost)  
  31  3:17  Probe (Chrono Boost)  
  33  3:24  Adept  
  33  3:26  Probe (Chrono Boost)  
  36  3:29  Probe (Chrono Boost)  
  37  3:37  Pylon  
  37  3:38  Void Ray (Chrono Boost), Probe (Chrono Boost)  
  39  3:44  Probe (Chrono Boost)  
  39  3:45  Probe (Chrono Boost)  
  44  3:51  Probe  
  44  3:53  Probe  
  46  4:03  Probe  
  46  4:07  Probe  
  46  4:09  Pylon  
  48  4:12  Void Ray (Chrono Boost)  
  48  4:15  Probe  
  53  4:19  Probe  
  53  4:20  Pylon  
  54  4:29  Nexus  
  54  4:31  Probe  
  54  4:33  Probe  
  54  4:37  Assimilator  
  56  4:41  Assimilator  
  56  4:43  Probe  
  56  4:45  Probe  
  58  4:48  Shield Battery  
  58  4:50  Void Ray (Chrono Boost)  
  58  4:52  Pylon  
  58  4:55  Probe  
  58  4:57  Probe  
  64  5:07  Probe  
  64  5:09  Probe  
  66  5:15  Stargate  
  66  5:20  Sentry, Probe  
  70  5:21  Probe  
  70  5:23  Gateway  
  70  5:25  Gateway  
  70  5:32  Probe  
  70  5:33  Void Ray (Chrono Boost), Probe  
  76  5:43  Robotics Facility  
  76  5:44  Probe  
  76  5:45  Probe  
  74  5:51  Sentry  
  74  5:52  Probe  
  74  5:56  Probe  
  78  5:57  Probe  
  78  5:59  Void Ray (Chrono Boost)  
  83  6:05  Pylon, Probe  
  83  6:08  Probe  
  83  6:09  Probe  
  83  6:11  Pylon  
  86  6:13  Void Ray (Chrono Boost)  
  86  6:17  Probe  
  91  6:32  Robotics Bay  
  91  6:34  Forge, Protoss Air Weapons Level 1, Pylon  
  91  6:37  Void Ray (Chrono Boost)  
  91  6:40  Probe x2  
  91  6:42  Assimilator  
  91  6:45  Probe  
  91  6:47  Assimilator  
  98  6:52  Probe x2  
  98  6:53  Gateway  
  100  6:55  Gateway, Pylon  
  100  6:57  Probe  
  101  7:10  Sentry x2  
  101  7:11  Shield Battery  
  101  7:13  Shield Battery x2  
  105  7:17  Pylon  
  105  7:21  Photon Cannon  
  105  7:25  Colossus (Chrono Boost)  
  105  7:26  Void Ray (Chrono Boost)  
  105  7:27  Void Ray (Chrono Boost)  
  100  7:31  Photon Cannon  
  97  7:44  Probe  
  97  7:45  Probe  
  99  7:53  Pylon  
  97  8:06  Zealot x4  
  97  8:10  Probe  
  95  8:15  Probe  
  95  8:17  Probe  
  99  8:20  Colossus (Chrono Boost)  
  99  8:22  Probe  
  90  8:27  Probe  
  90  8:32  Zealot x2  
  90  8:33  Void Ray (Chrono Boost)  
  82  8:37  Zealot x2  
  75  8:48  Pylon  
  67  8:59  Zealot x3  

Tags
 
Add a new tag
Caveats
  • Supply blocks, unpowered buildings, or Contaminate may cause inaccurate times.
  • Supply counts are checked every 10 seconds.